Detroit Red Wings vs Montreal Canadiens

Created - Sunday, February 15, 2026 at 08:01

Goals
1 2 3 T
Detroit Red Wings 0 2 2 4
Montreal Canadiens 1 0 1 2
Shots
1 2 3 T
Detroit Red Wings 7 9 3 19
Montreal Canadiens 12 19 11 42

1st period

1. Montreal Canadiens , Drew O'Connor 1 (Lane Hutson 6, Arttu Hyry 1) at 16:33

Penalties :
Kevin Stenlund (DET) for Hooking (Minor) at 2:28, Collin Graf (DET) for Slashing (Minor) at 11:52, Damon Severson (MTL) for Interference (Minor) at 17:29

2nd period

2. Detroit Red Wings , Cutter Gauthier 9 (Collin Graf 13, Jackson LaCombe 7) at 1:14
3. Detroit Red Wings , Cole Sillinger 9 (Arthur Kaliyev 8) at 18:52

Penalties :
Cole Sillinger (DET) for Delaying the game (Minor) at 0:19, Juraj Slafkovsky (MTL) for Roughing (Minor) at 0:58, Shayne Gostisbehere (DET) for Interference (Minor) at 5:18, Cutter Gauthier (DET) for Hooking (Minor) at 15:40

3rd period

4. Montreal Canadiens , Juraj Slafkovsky 4 (Martin Necas 8, Owen Power 8) at 7:17 (PP)
5. Detroit Red Wings , Kevin Stenlund 4 (Kasperi Kapanen 2, Conor Timmins 2) at 16:35
6. Detroit Red Wings , Cutter Gauthier 10 (Collin Graf 14, Cole Sillinger 22) at 19:19 (Empty Net)

Penalties :
Sergei Bobrovsky (DET) for Slashing (Minor) at 0:54 - Jamie Drysdale served the penalty, Jackson LaCombe (DET) for Roughing (Double Minor) at 6:34, Ilya Lyubushkin (MTL) for Holding (Minor) at 12:05, Zachary L'Heureux (DET) for Holding (Minor) at 19:59

Goalie Stats

Sergei Bobrovsky (DET), 40 saves from 42 shots - (0.952), W, 10-7-1, 60:00 minutes
Lukas Dostal (MTL), 15 saves from 18 shots - (0.833), L, 4-3-1, 59:05 minutes

Players Stats for Detroit Red Wings

Player Name              G  A  P  +/- PIM S  H  SB GA TA FO     MP     PP MP  PK MP  
------------------------------------------------------------------------------------
Arthur Kaliyev           0  1  1   1  0   1  1  1  0  0  1/1    13:34   2:20   0:00 
Brad Lambert             0  0  0  -1  0   1  1  0  0  1  3/5    11:39   0:06   2:30 
Cole Sillinger           1  1  2   2  2   3  3  0  0  0  14/29  20:03   2:20   6:07 
Collin Graf              0  2  2   2  2   2  3  0  2  0  0/1    21:11   2:16   5:19 
Conor Timmins            0  1  1   1  0   0  0  0  0  0  0/0    17:31   0:00   6:25 
Cutter Gauthier          2  0  2   2  2   5  0  0  1  0  6/19   15:06   2:16   0:00 
Dmitry Orlov             0  0  0   2  0   1  2  3  0  0  0/0    26:33   1:45   6:51 
Fraser Minten            0  0  0   0  0   0  2  0  0  0  1/2    14:06   2:11   0:23 
Jackson LaCombe          0  1  1   2  4   1  1  1  4  0  0/0    26:14   1:45   5:33 
Jamie Drysdale           0  0  0   0  0   0  0  0  0  0  0/0    16:28   2:52   0:10 
Kasperi Kapanen          0  1  1   1  0   1  0  0  1  1  0/0     8:47   0:00   0:00 
Kevin Stenlund           1  0  1   1  2   1  0  0  0  0  6/11   15:06   0:00   5:27 
Nate Danielson           0  0  0  -1  0   0  1  0  0  0  0/0     7:43   0:01   0:00 
Ryan Graves              0  0  0   1  0   0  2  0  1  0  0/0    17:31   0:00   6:25 
Shayne Gostisbehere      0  0  0   0  2   0  1  0  0  1  0/0    16:16   2:52   1:08 
Tanner Pearson           0  0  0   1  0   0  0  1  0  0  0/1     8:56   0:00   0:00 
Vasili Podkolzin         0  0  0  -1  0   1  0  0  0  0  0/1     8:16   0:01   0:19 
Zachary L'Heureux        0  0  0   1  2   2  3  0  1  0  2/3    20:17   2:20   6:27 

Players Stats for Montreal Canadiens

Player Name              G  A  P  +/- PIM S  H  SB GA TA FO     MP     PP MP  PK MP  
------------------------------------------------------------------------------------
Arttu Hyry               0  1  1   1  0   2  0  0  0  1  0/0     8:03   0:00   0:00 
Brad Marchand            0  0  0  -1  0   4  1  1  0  0  1/3    20:33   6:33   2:13 
Brady Skjei              0  0  0   0  0   4  3  0  0  1  0/0    25:52   6:05   2:38 
Damon Severson           0  0  0  -1  2   0  2  0  0  2  0/0    21:25   6:28   1:06 
Drew O'Connor            1  0  1   1  0   6  0  0  0  0  1/1    10:25   0:00   2:15 
Evgeni Dadonov           0  0  0  -1  0   3  1  0  0  0  2/2    11:00   0:00   0:09 
Ilya Lyubushkin          0  0  0  -1  2   2  0  0  0  0  0/0    11:58   0:00   0:53 
Josh Manson              0  0  0   0  0   2  0  1  0  0  0/0    14:37   0:00   2:26 
Juraj Slafkovsky         1  0  1   0  2   2  1  0  0  1  1/2    17:41   6:42   0:00 
Justin Hryckowian        0  0  0   1  0   0  0  0  0  0  3/6     8:03   0:00   0:00 
Lane Hutson              0  1  1  -2  0   1  0  0  0  1  0/0    20:49   6:48   0:12 
Macklin Celebrini        0  0  0  -3  0   2  3  0  1  0  14/22  18:06   6:33   0:12 
Martin Necas             0  1  1  -2  0   3  1  0  2  0  4/7    18:02   6:43   0:00 
Matt Duchene             0  0  0  -1  0   5  0  0  0  0  7/14   18:05   6:33   0:00 
Owen Power               0  1  1  -2  0   3  2  2  0  2  0/0    25:24   7:11   1:59 
Patrik Laine             0  0  0  -1  0   3  1  0  0  0  0/1    10:51   0:00   0:00 
Ryan Poehling            0  0  0  -1  0   0  3  0  0  0  2/3    19:53   6:43   2:10 
Teddy Blueger            0  0  0  -1  0   0  1  0  0  2  5/12   13:13   0:00   2:15 

3 Stars

1 - Sergei Bobrovsky (DET)
2 - Cutter Gauthier (DET)
3 - Cole Sillinger (DET)

Power Play

Detroit Red Wings - 0 on 3 Attempt(s) - 0.00%
Montreal Canadiens - 1 on 9 Attempt(s) - 11.11%

Penalty Kill

Detroit Red Wings - 8 on 9 Attempt(s) - 88.89% - Score 0 goal in Penalty Kill
Montreal Canadiens - 3 on 3 Attempt(s) - 100.00% - Score 0 goal in Penalty Kill

Team Stat

Detroit Red Wings - Hits : 20 - Faceoff Wins : 33 - Blocked Shots : 6 - Penalty Minutes : 18
Montreal Canadiens - Hits : 19 - Faceoff Wins : 40 - Blocked Shots : 4 - Penalty Minutes : 6

Official

Referees : Jon Mcisaac and Pierre Lambert
Linesman : Ryan Daisy and Jesse Marquis

Game Notes

Cutter Gauthier has scored in a empty net!

Finance

Level 1 -- Attendance: 5256 (87.60%) -- Ticket Income $488,808
Level 2 -- Attendance: 4503 (90.06%) -- Ticket Income $238,659
Level 3 -- Attendance: 2945 (98.17%) -- Ticket Income $94,240
Level 4 -- Attendance: 5000 (100.00%) -- Ticket Income $110,000
Luxury Box -- Attendance: 793 (79.30%) -- Ticket Income $154,635
Game was played at the Bell Centre.
Total Attendance: 18497 (92.49%)
Total Ticket Income: $1,086,342
Other Income: $380,220
Total Income: $1,466,562

Detroit Red Wings

5 vs 5 Forward 
   Center                   Left Wing                Right Wing               Time % Phy DF OF 
 1 Cutter Gauthier          Fraser Minten            Collin Graf              35     1   1  3  
 2 Cole Sillinger           Zachary L'Heureux        Arthur Kaliyev           35     1   1  3  
 3 Kevin Stenlund           Kasperi Kapanen          Tanner Pearson           20     1   2  2  
 4 Brad Lambert             Nate Danielson           Vasili Podkolzin         10     2   2  1  

5 vs 5 Defense 
   Defense                  Defense                                           Time % Phy DF OF 
 1 Jackson LaCombe          Dmitry Orlov                                      40     1   2  2  
 2 Shayne Gostisbehere      Jamie Drysdale                                    30     1   2  2  
 3 Conor Timmins            Ryan Graves                                       20     2   2  1  
 4 Jamie Drysdale           Jackson LaCombe                                   10     1   2  2  

PowerPlay Forward 
   Center                   Left Wing                Right Wing               Time % Phy DF OF 
 1 Cutter Gauthier          Fraser Minten            Collin Graf              50     1   1  3  
 2 Cole Sillinger           Zachary L'Heureux        Arthur Kaliyev           50     0   1  3  

PowerPlay Defense
   Defense                  Defense                                           Time % Phy DF OF 
 1 Jackson LaCombe          Dmitry Orlov                                      50     1   2  2  
 2 Shayne Gostisbehere      Jamie Drysdale                                    50     1   2  2  

Penalty Kill 4 Players Forward 
   Center                   Wing                     Time % Phy DF OF 
 1 Kevin Stenlund           Collin Graf              50     2   2  1  
 2 Cole Sillinger           Zachary L'Heureux        50     2   2  1  

Penalty Kill 4 Players Defense
   Defense                  Defense                  Time % Phy DF OF 
 1 Jackson LaCombe          Dmitry Orlov             50     1   2  2  
 2 Conor Timmins            Ryan Graves              50     1   2  2  

Penalty Kill - 3 Players Forward 
   Forward                                           Time % Phy DF OF 
 1 Kevin Stenlund                                    50     1   2  2  
 2 Cole Sillinger                                    50     1   2  2  

Penalty Kill - 3 Players Defense
   Defense                  Defense                  Time % Phy DF OF 
 1 Jackson LaCombe          Dmitry Orlov             50     1   2  2  
 2 Conor Timmins            Ryan Graves              50     2   2  1  

4 vs 4 Forward 
   Center                   Wing                     Time % Phy DF OF 
 1 Cutter Gauthier          Collin Graf              60     1   2  2  
 2 Cole Sillinger           Zachary L'Heureux        40     1   2  2  

4 vs 4 Defense
   Defense                  Defense                  Time % Phy DF OF 
 1 Jackson LaCombe          Dmitry Orlov             60     1   2  2  
 2 Shayne Gostisbehere      Jamie Drysdale           40     1   2  2  

Last Minutes Offensive
   Center                   Left Wing                Right Wing               Defense                  Defense                  
   Cole Sillinger           Cutter Gauthier          Collin Graf              Jackson LaCombe          Dmitry Orlov             

Last Minutes Defensive
   Center                   Left Wing                Right Wing               Defense                  Defense                  
   Cole Sillinger           Cutter Gauthier          Collin Graf              Jackson LaCombe          Dmitry Orlov             

Goaltenders
Starting : Sergei Bobrovsky         
Backup : Laurent Brossoit         

Extra Forwards
Normal : Brad Lambert, Nate Danielson, Tanner Pearson - PP : Brad Lambert, Nate Danielson - PK : Brad Lambert
Extra Defensemen
Normal : Shayne Gostisbehere, Jamie Drysdale, Jackson LaCombe - PP : Shayne Gostisbehere - PK : Shayne Gostisbehere, Jamie Drysdale
Penalty Shots
Cutter Gauthier, Collin Graf, Cole Sillinger, Nate Danielson, Brad Lambert

Scratches
Jayden Struble (Healthy), Christian Fischer (Healthy), Vitek Vanecek (Healthy)

Montreal Canadiens

5 vs 5 Forward 
   Center                   Left Wing                Right Wing               Time % Phy DF OF 
 1 Macklin Celebrini        Ryan Poehling            Martin Necas             30     0   1  4  
 2 Matt Duchene             Brad Marchand            Juraj Slafkovsky         30     0   1  4  
 3 Teddy Blueger            Patrik Laine             Evgeni Dadonov           25     0   2  3  
 4 Justin Hryckowian        Drew O'Connor            Arttu Hyry               15     0   4  1  

5 vs 5 Defense 
   Defense                  Defense                                           Time % Phy DF OF 
 1 Josh Manson              Lane Hutson                                       30     1   2  2  
 2 Brady Skjei              Damon Severson                                    30     1   2  2  
 3 Ilya Lyubushkin          Owen Power                                        25     1   3  1  
 4 Brady Skjei              Owen Power                                        15     1   3  1  

PowerPlay Forward 
   Center                   Left Wing                Right Wing               Time % Phy DF OF 
 1 Macklin Celebrini        Matt Duchene             Brad Marchand            50     0   0  5  
 2 Martin Necas             Ryan Poehling            Juraj Slafkovsky         50     0   0  5  

PowerPlay Defense
   Defense                  Defense                                           Time % Phy DF OF 
 1 Brady Skjei              Lane Hutson                                       50     0   0  5  
 2 Owen Power               Damon Severson                                    50     0   0  5  

Penalty Kill 4 Players Forward 
   Center                   Wing                     Time % Phy DF OF 
 1 Ryan Poehling            Brad Marchand            50     0   5  0  
 2 Teddy Blueger            Drew O'Connor            50     0   5  0  

Penalty Kill 4 Players Defense
   Defense                  Defense                  Time % Phy DF OF 
 1 Josh Manson              Brady Skjei              50     0   5  0  
 2 Owen Power               Damon Severson           50     0   5  0  

Penalty Kill - 3 Players Forward 
   Forward                                           Time % Phy DF OF 
 1 Teddy Blueger                                     50     0   5  0  
 2 Ryan Poehling                                     50     0   5  0  

Penalty Kill - 3 Players Defense
   Defense                  Defense                  Time % Phy DF OF 
 1 Josh Manson              Brady Skjei              50     0   5  0  
 2 Owen Power               Damon Severson           50     0   5  0  

4 vs 4 Forward 
   Center                   Wing                     Time % Phy DF OF 
 1 Macklin Celebrini        Martin Necas             50     1   2  2  
 2 Matt Duchene             Brad Marchand            50     1   2  2  

4 vs 4 Defense
   Defense                  Defense                  Time % Phy DF OF 
 1 Lane Hutson              Owen Power               50     1   2  2  
 2 Brady Skjei              Damon Severson           50     1   2  2  

Last Minutes Offensive
   Center                   Left Wing                Right Wing               Defense                  Defense                  
   Macklin Celebrini        Matt Duchene             Brad Marchand            Lane Hutson              Owen Power               

Last Minutes Defensive
   Center                   Left Wing                Right Wing               Defense                  Defense                  
   Teddy Blueger            Ryan Poehling            Drew O'Connor            Brady Skjei              Owen Power               

Goaltenders
Starting : Lukas Dostal             
Backup : Stuart Skinner           

Extra Forwards
Normal : Macklin Celebrini, Brad Marchand, Ryan Poehling - PP : Macklin Celebrini, Brad Marchand - PK : Macklin Celebrini
Extra Defensemen
Normal : Brady Skjei, Owen Power, Damon Severson - PP : Lane Hutson - PK : Brady Skjei, Owen Power
Penalty Shots
Brad Marchand, Teddy Blueger, Ryan Poehling, Macklin Celebrini, Arttu Hyry

Scratches
Adam Fox (Bruised Right Arm Injury), Pyotr Kochetkov (Healthy)

% Time on Ice - Detroit Red Wings

Lines # - Real PCT - Wanted PCT - Time Play
Normal Forward
1 - 32% - 35% - 12:51
2 - 29% - 35% - 11:46
3 - 22% - 20% - 8:47
4 - 18% - 10% - 7:07
Normal Defense
1 - 41% - 40% - 16:34
2 - 31% - 30% - 12:43
3 - 26% - 20% - 10:22
4 - 2% - 10% - 0:52
PP Forward
1 - 49% - 50% - 2:16
2 - 51% - 50% - 2:21
PP Defense
1 - 38% - 50% - 1:45
2 - 62% - 50% - 2:52
PK Forward
1 - 51% - 50% - 6:44
2 - 49% - 50% - 6:32
PK Defense
1 - 52% - 50% - 6:51
2 - 48% - 50% - 6:25
PK3 Forward
1 - 0% - 50%
2 - 0% - 50%
PK3 Defense
1 - 0% - 50%
2 - 0% - 50%
44 Forward
1 - 79% - 60% - 1:03
2 - 21% - 40% - 0:17
44 Defense
1 - 84% - 60% - 1:07
2 - 16% - 40% - 0:13
Last Minute Offensive  - 0:00
Last Minute Defensive  - 0:16
Total
Forward - 60:00
Defense - 60:00

% Time on Ice - Montreal Canadiens

Lines # - Real PCT - Wanted PCT - Time Play
Normal Forward
1 - 27% - 30% - 10:46
2 - 27% - 30% - 10:51
3 - 27% - 25% - 10:51
4 - 20% - 15% - 8:03
Normal Defense
1 - 33% - 30% - 13:28
2 - 30% - 30% - 12:21
3 - 27% - 25% - 10:52
4 - 9% - 15% - 3:50
PP Forward
1 - 49% - 50% - 6:33
2 - 51% - 50% - 6:43
PP Defense
1 - 51% - 50% - 6:48
2 - 49% - 50% - 6:28
PK Forward
1 - 51% - 50% - 2:22
2 - 49% - 50% - 2:15
PK Defense
1 - 53% - 50% - 2:26
2 - 47% - 50% - 2:11
PK3 Forward
1 - 0% - 50%
2 - 0% - 50%
PK3 Defense
1 - 0% - 50%
2 - 0% - 50%
44 Forward
1 - 43% - 50% - 0:34
2 - 58% - 50% - 0:46
44 Defense
1 - 50% - 50% - 0:40
2 - 50% - 50% - 0:40
Last Minute Offensive  - 0:16
Last Minute Defensive  - 0:00
Total
Forward - 60:00
Defense - 60:00

Play-by-Play

1st period


0:01 of 1st period - Macklin Celebrini wins face-off versus Cutter Gauthier in neutral zone.
0:58 of 1st period - Snap shot by Kasperi Kapanen.
0:58 of 1st period - Stopped by Lukas Dostal with a rebound.
1:19 of 1st period - Snap shot by Vasili Podkolzin.
1:19 of 1st period - Deflect By Brad Lambert.
1:19 of 1st period - Shot Blocked by Owen Power.
1:19 of 1st period - Puck is out of play.
1:20 of 1st period - Cutter Gauthier wins face-off versus Macklin Celebrini in Montreal Canadiens zone.
1:27 of 1st period - Slapshot by Cutter Gauthier.
1:27 of 1st period - Stopped by Lukas Dostal with a rebound.
1:29 of 1st period - Snap shot by Cutter Gauthier.
1:29 of 1st period - Shot Misses the Net.
1:41 of 1st period - Ryan Poehling is hit by Fraser Minten and loses puck.
2:12 of 1st period - Wrist shot by Patrik Laine.
2:12 of 1st period - Deflect By Jackson LaCombe.
2:12 of 1st period - Shot Misses the Net.
2:12 of 1st period - Puck is out of play.
2:13 of 1st period - Kevin Stenlund wins face-off versus Teddy Blueger in Detroit Red Wings zone.
2:26 of 1st period - Snap shot by Evgeni Dadonov.
2:26 of 1st period - Stopped by Sergei Bobrovsky with a rebound.
2:28 of 1st period - Minor Penalty to Kevin Stenlund for Hooking.
2:29 of 1st period - Brad Lambert wins face-off versus Matt Duchene in Detroit Red Wings zone.
2:56 of 1st period - Ryan Poehling is hit by Brad Lambert and loses puck.
3:07 of 1st period - Snap shot by Collin Graf.
3:07 of 1st period - Shot Hit the Post.
3:09 of 1st period - Wrist shot by Collin Graf.
3:09 of 1st period - Shot Misses the Net.
4:17 of 1st period - Off-side.
4:18 of 1st period - Fraser Minten wins face-off versus Martin Necas in neutral zone.
4:28 of 1st period - Penalty to Kevin Stenlund is over, Kevin Stenlund is back on ice.
4:51 of 1st period - Wrist shot by Drew O'Connor.
4:51 of 1st period - Deflect By Kevin Stenlund.
4:51 of 1st period - Stopped by Sergei Bobrovsky with a rebound.
4:53 of 1st period - Wrist shot by Drew O'Connor.
4:53 of 1st period - Stopped by Sergei Bobrovsky with a rebound.
4:55 of 1st period - Slapshot by Josh Manson.
4:55 of 1st period - Stopped by Sergei Bobrovsky with a rebound.
5:42 of 1st period - Jamie Drysdale is hit by Brady Skjei and loses puck.
6:09 of 1st period - Dmitry Orlov is hit by Patrik Laine and loses puck.
7:11 of 1st period - Wrist shot by Arthur Kaliyev.
7:11 of 1st period - Shot Blocked by Josh Manson.
8:17 of 1st period - Ryan Graves is hit by Macklin Celebrini and loses puck.
9:18 of 1st period - Backhand shot by Matt Duchene.
9:18 of 1st period - Stopped by Sergei Bobrovsky with a rebound.
9:41 of 1st period - Snap shot by Cutter Gauthier.
9:41 of 1st period - Stopped by Lukas Dostal without a rebound.
9:42 of 1st period - Cole Sillinger wins face-off versus Teddy Blueger in Montreal Canadiens zone.
9:43 of 1st period - Snap shot by Zachary L'Heureux.
9:43 of 1st period - Stopped by Lukas Dostal with a rebound.
10:09 of 1st period - Brady Skjei is hit by Fraser Minten and loses puck.
10:39 of 1st period - Backhand shot by Matt Duchene.
10:39 of 1st period - Stopped by Sergei Bobrovsky with a rebound.
10:53 of 1st period - Drew O'Connor is hit by Zachary L'Heureux and loses puck.
11:00 of 1st period - Snap shot by Arthur Kaliyev.
11:00 of 1st period - Stopped by Lukas Dostal without a rebound.
11:01 of 1st period - Macklin Celebrini wins face-off versus Cutter Gauthier in Montreal Canadiens zone.
11:05 of 1st period - Icing by Martin Necas.
11:06 of 1st period - Macklin Celebrini wins face-off versus Cutter Gauthier in Montreal Canadiens zone.
11:06 of 1st period - Macklin Celebrini is hit by Ryan Graves.
11:12 of 1st period - Fraser Minten is hit by Macklin Celebrini and loses puck.
11:28 of 1st period - Icing by Owen Power.
11:29 of 1st period - Cole Sillinger wins face-off versus Matt Duchene in Montreal Canadiens zone.
11:52 of 1st period - Minor Penalty to Collin Graf for Slashing.
11:53 of 1st period - Martin Necas wins face-off versus Cole Sillinger in Detroit Red Wings zone.
12:16 of 1st period - Kevin Stenlund is hit by Damon Severson and loses puck.
12:29 of 1st period - Snap shot by Juraj Slafkovsky.
12:29 of 1st period - Shot Misses the Net.
12:31 of 1st period - Snap shot by Owen Power.
12:31 of 1st period - Deflect By Kevin Stenlund.
12:31 of 1st period - Stopped by Sergei Bobrovsky with a rebound.
12:33 of 1st period - Snap shot by Martin Necas.
12:33 of 1st period - Stopped by Sergei Bobrovsky without a rebound.
12:34 of 1st period - Macklin Celebrini wins face-off versus Cole Sillinger in Detroit Red Wings zone.
12:47 of 1st period - Snap shot by Macklin Celebrini.
12:47 of 1st period - Deflect By Brad Marchand.
12:47 of 1st period - Shot Hit the Post.
12:47 of 1st period - Puck is out of play.
12:48 of 1st period - Macklin Celebrini wins face-off versus Cole Sillinger in Detroit Red Wings zone.
12:53 of 1st period - Snap shot by Matt Duchene.
12:53 of 1st period - Stopped by Sergei Bobrovsky without a rebound.
12:54 of 1st period - Cole Sillinger wins face-off versus Macklin Celebrini in Detroit Red Wings zone.
13:03 of 1st period - Backhand shot by Macklin Celebrini.
13:03 of 1st period - Deflect By Brad Marchand.
13:03 of 1st period - Shot Misses the Net.
13:03 of 1st period - Puck is out of play.
13:04 of 1st period - Kevin Stenlund wins face-off versus Macklin Celebrini in Detroit Red Wings zone.
13:52 of 1st period - Penalty to Collin Graf is over, Collin Graf is back on ice.
13:58 of 1st period - Snap shot by Collin Graf.
13:58 of 1st period - Stopped by Lukas Dostal without a rebound.
13:59 of 1st period - Teddy Blueger wins face-off versus Cutter Gauthier in Montreal Canadiens zone.
14:09 of 1st period - Off-side.
14:10 of 1st period - Zachary L'Heureux wins face-off versus Macklin Celebrini in neutral zone.
14:17 of 1st period - Zachary L'Heureux is hit by Ryan Poehling.
14:23 of 1st period - Snap shot by Cole Sillinger.
14:23 of 1st period - Stopped by Lukas Dostal with a rebound.
14:35 of 1st period - Brady Skjei is hit by Dmitry Orlov and loses puck.
14:44 of 1st period - Slapshot by Matt Duchene.
14:44 of 1st period - Shot Misses the Net.
14:58 of 1st period - Slapshot by Lane Hutson.
14:58 of 1st period - Stopped by Sergei Bobrovsky without a rebound.
14:59 of 1st period - Kevin Stenlund wins face-off versus Patrik Laine in Detroit Red Wings zone.
15:32 of 1st period - Snap shot by Arthur Kaliyev.
15:32 of 1st period - Shot Misses the Net.
16:11 of 1st period - Off-side.
16:12 of 1st period - Justin Hryckowian wins face-off versus Vasili Podkolzin in neutral zone.
16:31 of 1st period - Snap shot by Drew O'Connor.
16:31 of 1st period - Stopped by Sergei Bobrovsky with a rebound.
16:33 of 1st period - Snap shot by Drew O'Connor.
16:33 of 1st period - Deflect By Ryan Graves.
16:33 of 1st period - Goal by Drew O'Connor - Detroit Red Wings : 0 - Montreal Canadiens : 1.
16:34 of 1st period - Cole Sillinger wins face-off versus Macklin Celebrini in neutral zone.
17:26 of 1st period - Slapshot by Jackson LaCombe.
17:26 of 1st period - Deflect By Kevin Stenlund.
17:26 of 1st period - Shot Misses the Net.
17:26 of 1st period - Puck is out of play.
17:27 of 1st period - Macklin Celebrini wins face-off versus Kevin Stenlund in Montreal Canadiens zone.
17:29 of 1st period - Minor Penalty to Damon Severson for Interference.
17:30 of 1st period - Ryan Poehling wins face-off versus Cutter Gauthier in Montreal Canadiens zone.
17:40 of 1st period - Snap shot by Fraser Minten.
17:40 of 1st period - Shot Misses the Net.
17:56 of 1st period - Jamie Drysdale is hit by Brad Marchand and loses puck.
18:03 of 1st period - Slapshot by Cole Sillinger.
18:03 of 1st period - Shot Misses the Net.
19:29 of 1st period - Penalty to Damon Severson is over, Damon Severson is back on ice.
19:52 of 1st period - Wrist shot by Kevin Stenlund.
19:52 of 1st period - Shot Misses the Net.
19:54 of 1st period - Slapshot by Ryan Graves.
19:54 of 1st period - Deflect By Kasperi Kapanen.
19:54 of 1st period - Shot Misses the Net.
19:54 of 1st period - Puck is out of play.
19:55 of 1st period - Kevin Stenlund wins face-off versus Teddy Blueger in Montreal Canadiens zone.
Goals for this period are 0 for Detroit Red Wings vs 1 for Montreal Canadiens.
Shots for this period are 7 for Detroit Red Wings vs 12 for Montreal Canadiens.

2nd period


0:01 of 2nd period - Cole Sillinger wins face-off versus Ryan Poehling in neutral zone.
0:19 of 2nd period - Minor Penalty to Cole Sillinger for Delaying the game.
0:20 of 2nd period - Brad Marchand wins face-off versus Zachary L'Heureux in Detroit Red Wings zone.
0:58 of 2nd period - Minor Penalty to Juraj Slafkovsky for Roughing.
0:59 of 2nd period - Cutter Gauthier wins face-off versus Macklin Celebrini in Montreal Canadiens zone.
0:59 of 2nd period - Snap shot by Collin Graf.
0:59 of 2nd period - Stopped by Lukas Dostal with a rebound.
1:14 of 2nd period - Snap shot by Cutter Gauthier.
1:14 of 2nd period - Goal by Cutter Gauthier - Detroit Red Wings : 1 - Montreal Canadiens : 1.
1:15 of 2nd period - Matt Duchene wins face-off versus Cutter Gauthier in neutral zone.
1:26 of 2nd period - Snap shot by Matt Duchene.
1:26 of 2nd period - Stopped by Sergei Bobrovsky without a rebound.
1:27 of 2nd period - Cutter Gauthier wins face-off versus Matt Duchene in Detroit Red Wings zone.
1:32 of 2nd period - Slapshot by Jackson LaCombe.
1:32 of 2nd period - Shot Misses the Net.
2:05 of 2nd period - Off-side.
2:06 of 2nd period - Brad Lambert wins face-off versus Matt Duchene in neutral zone.
2:13 of 2nd period - Brad Marchand is hit by Shayne Gostisbehere.
2:18 of 2nd period - Off-side.
2:19 of 2nd period - Penalty to Cole Sillinger is over, Cole Sillinger is back on ice.
2:19 of 2nd period - Drew O'Connor wins face-off versus Cole Sillinger in neutral zone.
2:58 of 2nd period - Penalty to Juraj Slafkovsky is over, Juraj Slafkovsky is back on ice.
3:02 of 2nd period - Snap shot by Collin Graf.
3:02 of 2nd period - Deflect By Cutter Gauthier.
3:02 of 2nd period - Stopped by Lukas Dostal with a rebound.
3:04 of 2nd period - Slapshot by Shayne Gostisbehere.
3:04 of 2nd period - Shot Blocked by Owen Power.
3:06 of 2nd period - Snap shot by Cutter Gauthier.
3:06 of 2nd period - Shot Misses the Net.
3:20 of 2nd period - Wrist shot by Evgeni Dadonov.
3:20 of 2nd period - Stopped by Sergei Bobrovsky without a rebound.
3:21 of 2nd period - Kevin Stenlund wins face-off versus Teddy Blueger in Detroit Red Wings zone.
4:07 of 2nd period - Off-side.
4:08 of 2nd period - Zachary L'Heureux wins face-off versus Matt Duchene in neutral zone.
4:19 of 2nd period - Brad Marchand is hit by Dmitry Orlov and loses puck.
4:48 of 2nd period - Wrist shot by Zachary L'Heureux.
4:48 of 2nd period - Stopped by Lukas Dostal with a rebound.
4:50 of 2nd period - Slapshot by Jackson LaCombe.
4:50 of 2nd period - Stopped by Lukas Dostal without a rebound.
4:51 of 2nd period - Matt Duchene wins face-off versus Cutter Gauthier in Montreal Canadiens zone.
4:51 of 2nd period - Matt Duchene is hit by Collin Graf.
4:54 of 2nd period - Icing by Brady Skjei.
4:55 of 2nd period - Matt Duchene wins face-off versus Cutter Gauthier in Montreal Canadiens zone.
5:18 of 2nd period - Minor Penalty to Shayne Gostisbehere for Interference.
5:19 of 2nd period - Martin Necas wins face-off versus Cole Sillinger in Detroit Red Wings zone.
5:44 of 2nd period - Macklin Celebrini is hit by Zachary L'Heureux and loses puck.
5:55 of 2nd period - Slapshot by Brady Skjei.
5:55 of 2nd period - Stopped by Sergei Bobrovsky without a rebound.
5:56 of 2nd period - Juraj Slafkovsky wins face-off versus Kevin Stenlund in Detroit Red Wings zone.
7:18 of 2nd period - Penalty to Shayne Gostisbehere is over, Shayne Gostisbehere is back on ice.
7:31 of 2nd period - Off-side.
7:32 of 2nd period - Brad Lambert wins face-off versus Teddy Blueger in neutral zone.
8:24 of 2nd period - Icing by Shayne Gostisbehere.
8:25 of 2nd period - Matt Duchene wins face-off versus Cole Sillinger in Detroit Red Wings zone.
8:44 of 2nd period - Snap shot by Juraj Slafkovsky.
8:44 of 2nd period - Shot Misses the Net.
8:48 of 2nd period - Wrist shot by Brad Marchand.
8:48 of 2nd period - Stopped by Sergei Bobrovsky without a rebound.
8:49 of 2nd period - Macklin Celebrini wins face-off versus Tanner Pearson in Detroit Red Wings zone.
8:54 of 2nd period - Wrist shot by Martin Necas.
8:54 of 2nd period - Stopped by Sergei Bobrovsky with a rebound.
8:56 of 2nd period - Slapshot by Brady Skjei.
8:56 of 2nd period - Stopped by Sergei Bobrovsky with a rebound.
8:58 of 2nd period - Snap shot by Brady Skjei.
8:58 of 2nd period - Deflect By Macklin Celebrini.
8:58 of 2nd period - Stopped by Sergei Bobrovsky with a rebound.
9:00 of 2nd period - Slapshot by Macklin Celebrini.
9:00 of 2nd period - Shot Misses the Net.
9:14 of 2nd period - Dmitry Orlov is hit by Damon Severson and loses puck.
9:47 of 2nd period - Slapshot by Matt Duchene.
9:47 of 2nd period - Stopped by Sergei Bobrovsky with a rebound.
9:49 of 2nd period - Slapshot by Brady Skjei.
9:49 of 2nd period - Shot Misses the Net.
9:59 of 2nd period - Wrist shot by Brad Lambert.
9:59 of 2nd period - Stopped by Lukas Dostal with a rebound.
10:01 of 2nd period - Wrist shot by Ryan Graves.
10:01 of 2nd period - Shot Misses the Net.
10:03 of 2nd period - Slapshot by Ryan Graves.
10:03 of 2nd period - Shot Misses the Net.
10:05 of 2nd period - Snap shot by Vasili Podkolzin.
10:05 of 2nd period - Stopped by Lukas Dostal without a rebound.
10:06 of 2nd period - Macklin Celebrini wins face-off versus Brad Lambert in Montreal Canadiens zone.
11:16 of 2nd period - Snap shot by Cole Sillinger.
11:16 of 2nd period - Stopped by Lukas Dostal without a rebound.
11:17 of 2nd period - Macklin Celebrini wins face-off versus Cole Sillinger in Montreal Canadiens zone.
11:17 of 2nd period - Macklin Celebrini is hit by Cole Sillinger.
11:27 of 2nd period - Backhand shot by Brady Skjei.
11:27 of 2nd period - Stopped by Sergei Bobrovsky with a rebound.
11:50 of 2nd period - Snap shot by Macklin Celebrini.
11:50 of 2nd period - Deflect By Martin Necas.
11:50 of 2nd period - Shot Misses the Net.
11:50 of 2nd period - Puck is out of play.
11:51 of 2nd period - Cutter Gauthier wins face-off versus Brad Marchand in Detroit Red Wings zone.
11:56 of 2nd period - Wrist shot by Fraser Minten.
11:56 of 2nd period - Shot Misses the Net.
12:04 of 2nd period - Snap shot by Brad Marchand.
12:04 of 2nd period - Stopped by Sergei Bobrovsky without a rebound.
12:05 of 2nd period - Cutter Gauthier wins face-off versus Teddy Blueger in Detroit Red Wings zone.
12:14 of 2nd period - Snap shot by Patrik Laine.
12:14 of 2nd period - Stopped by Sergei Bobrovsky without a rebound.
12:15 of 2nd period - Evgeni Dadonov wins face-off versus Collin Graf in Detroit Red Wings zone.
12:36 of 2nd period - Slapshot by Evgeni Dadonov.
12:36 of 2nd period - Stopped by Sergei Bobrovsky with a rebound.
12:38 of 2nd period - Wrist shot by Teddy Blueger.
12:38 of 2nd period - Shot Misses the Net.
12:40 of 2nd period - Slapshot by Patrik Laine.
12:40 of 2nd period - Deflect By Evgeni Dadonov.
12:40 of 2nd period - Shot Blocked by Dmitry Orlov.
12:40 of 2nd period - Puck is out of play.
12:41 of 2nd period - Cole Sillinger wins face-off versus Macklin Celebrini in Detroit Red Wings zone.
12:48 of 2nd period - Wrist shot by Macklin Celebrini.
12:48 of 2nd period - Stopped by Sergei Bobrovsky without a rebound.
12:49 of 2nd period - Macklin Celebrini wins face-off versus Cole Sillinger in Detroit Red Wings zone.
13:21 of 2nd period - Off-side.
13:22 of 2nd period - Matt Duchene wins face-off versus Cole Sillinger in neutral zone.
13:26 of 2nd period - Off-side.
13:27 of 2nd period - Cole Sillinger wins face-off versus Matt Duchene in neutral zone.
13:54 of 2nd period - Slapshot by Martin Necas.
13:54 of 2nd period - Stopped by Sergei Bobrovsky without a rebound.
13:55 of 2nd period - Macklin Celebrini wins face-off versus Fraser Minten in Detroit Red Wings zone.
15:40 of 2nd period - Minor Penalty to Cutter Gauthier for Hooking.
15:41 of 2nd period - Martin Necas wins face-off versus Cole Sillinger in Detroit Red Wings zone.
15:42 of 2nd period - Backhand shot by Juraj Slafkovsky.
15:42 of 2nd period - Stopped by Sergei Bobrovsky without a rebound.
15:43 of 2nd period - Cole Sillinger wins face-off versus Martin Necas in Detroit Red Wings zone.
15:43 of 2nd period - Cole Sillinger is hit by Ryan Poehling.
17:40 of 2nd period - Penalty to Cutter Gauthier is over, Cutter Gauthier is back on ice.
18:46 of 2nd period - Ilya Lyubushkin is hit by Arthur Kaliyev.
18:52 of 2nd period - Backhand shot by Cole Sillinger.
18:52 of 2nd period - Goal by Cole Sillinger - Detroit Red Wings : 2 - Montreal Canadiens : 1.
18:53 of 2nd period - Cole Sillinger wins face-off versus Juraj Slafkovsky in neutral zone.
19:06 of 2nd period - Slapshot by Juraj Slafkovsky.
19:06 of 2nd period - Shot Blocked by Arthur Kaliyev.
19:08 of 2nd period - Slapshot by Owen Power.
19:08 of 2nd period - Deflect By Cole Sillinger.
19:08 of 2nd period - Stopped by Sergei Bobrovsky with a rebound.
19:10 of 2nd period - Slapshot by Brad Marchand.
19:10 of 2nd period - Stopped by Sergei Bobrovsky without a rebound.
19:11 of 2nd period - Ryan Poehling wins face-off versus Cutter Gauthier in Detroit Red Wings zone.
19:12 of 2nd period - Snap shot by Martin Necas.
19:12 of 2nd period - Shot Blocked by Dmitry Orlov.
19:14 of 2nd period - Slapshot by Ilya Lyubushkin.
19:14 of 2nd period - Stopped by Sergei Bobrovsky with a rebound.
19:16 of 2nd period - Snap shot by Martin Necas.
19:16 of 2nd period - Shot Misses the Net.
19:18 of 2nd period - Snap shot by Owen Power.
19:18 of 2nd period - Shot Blocked by Jackson LaCombe.
19:20 of 2nd period - Slapshot by Owen Power.
19:20 of 2nd period - Shot Misses the Net.
19:22 of 2nd period - Backhand shot by Ilya Lyubushkin.
19:22 of 2nd period - Stopped by Sergei Bobrovsky without a rebound.
19:23 of 2nd period - Macklin Celebrini wins face-off versus Cole Sillinger in Detroit Red Wings zone.
19:35 of 2nd period - Wrist shot by Macklin Celebrini.
19:35 of 2nd period - Shot Misses the Net.
19:54 of 2nd period - Wrist shot by Cutter Gauthier.
19:54 of 2nd period - Shot Blocked by Brad Marchand.
19:56 of 2nd period - Wrist shot by Fraser Minten.
19:56 of 2nd period - Shot Hit the Post.
Goals for this period are 2 for Detroit Red Wings vs 0 for Montreal Canadiens.
Shots for this period are 9 for Detroit Red Wings vs 19 for Montreal Canadiens.

3rd period


0:01 of 3rd period - Cole Sillinger wins face-off versus Matt Duchene in neutral zone.
0:06 of 3rd period - Slapshot by Dmitry Orlov.
0:06 of 3rd period - Stopped by Lukas Dostal with a rebound.
0:52 of 3rd period - Wrist shot by Evgeni Dadonov.
0:52 of 3rd period - Shot Blocked by Tanner Pearson.
0:54 of 3rd period - Slapshot by Brady Skjei.
0:54 of 3rd period - Stopped by Sergei Bobrovsky without a rebound.
0:54 of 3rd period - Minor Penalty to Sergei Bobrovsky for Slashing.
0:55 of 3rd period - Cole Sillinger wins face-off versus Martin Necas in Detroit Red Wings zone.
1:12 of 3rd period - Conor Timmins is hit by Juraj Slafkovsky.
2:54 of 3rd period - Penalty to Jamie Drysdale is over, Jamie Drysdale is back on ice.
4:16 of 3rd period - Collin Graf is hit by Brady Skjei and loses puck.
4:38 of 3rd period - Off-side.
4:39 of 3rd period - Arthur Kaliyev wins face-off versus Justin Hryckowian in neutral zone.
4:53 of 3rd period - Wrist shot by Cole Sillinger.
4:53 of 3rd period - Shot Misses the Net.
5:08 of 3rd period - Brady Skjei is hit by Nate Danielson.
5:28 of 3rd period - Kevin Stenlund is hit by Macklin Celebrini and loses puck.
5:43 of 3rd period - Fraser Minten is hit by Evgeni Dadonov and loses puck.
6:04 of 3rd period - Icing by Evgeni Dadonov.
6:05 of 3rd period - Cole Sillinger wins face-off versus Justin Hryckowian in Montreal Canadiens zone.
6:14 of 3rd period - Owen Power is hit by Cole Sillinger.
6:19 of 3rd period - Snap shot by Ilya Lyubushkin.
6:19 of 3rd period - Deflect By Arttu Hyry.
6:19 of 3rd period - Shot Misses the Net.
6:19 of 3rd period - Puck is out of play.
6:20 of 3rd period - Matt Duchene wins face-off versus Cutter Gauthier in Detroit Red Wings zone.
6:25 of 3rd period - Snap shot by Juraj Slafkovsky.
6:25 of 3rd period - Shot Hit the Post.
6:27 of 3rd period - Slapshot by Josh Manson.
6:27 of 3rd period - Stopped by Sergei Bobrovsky without a rebound.
6:28 of 3rd period - Matt Duchene wins face-off versus Cutter Gauthier in Detroit Red Wings zone.
6:34 of 3rd period - Double Minor Penalty to Jackson LaCombe for Roughing.
6:35 of 3rd period - Macklin Celebrini wins face-off versus Cole Sillinger in Detroit Red Wings zone.
7:02 of 3rd period - Icing by Damon Severson.
7:03 of 3rd period - Martin Necas wins face-off versus Kevin Stenlund in Montreal Canadiens zone.
7:08 of 3rd period - Dmitry Orlov is hit by Owen Power and loses puck.
7:17 of 3rd period - Snap shot by Juraj Slafkovsky.
7:17 of 3rd period - Goal by Juraj Slafkovsky - Detroit Red Wings : 2 - Montreal Canadiens : 2.
7:18 of 3rd period - Cole Sillinger wins face-off versus Macklin Celebrini in neutral zone.
7:45 of 3rd period - Collin Graf is hit by Martin Necas and loses puck.
8:31 of 3rd period - Collin Graf is hit by Brady Skjei and loses puck.
9:17 of 3rd period - Penalty to Jackson LaCombe is over, Jackson LaCombe is back on ice.
11:37 of 3rd period - Lane Hutson is hit by Collin Graf and loses puck.
12:05 of 3rd period - Minor Penalty to Ilya Lyubushkin for Holding.
12:06 of 3rd period - Teddy Blueger wins face-off versus Cutter Gauthier in Montreal Canadiens zone.
12:29 of 3rd period - Drew O'Connor is hit by Collin Graf and loses puck.
12:55 of 3rd period - Slapshot by Shayne Gostisbehere.
12:55 of 3rd period - Shot Misses the Net.
12:57 of 3rd period - Slapshot by Shayne Gostisbehere.
12:57 of 3rd period - Deflect By Cutter Gauthier.
12:57 of 3rd period - Shot Misses the Net.
12:57 of 3rd period - Puck is out of play.
12:58 of 3rd period - Teddy Blueger wins face-off versus Cole Sillinger in Montreal Canadiens zone.
13:27 of 3rd period - Wrist shot by Ryan Poehling.
13:27 of 3rd period - Shot Blocked by Dmitry Orlov.
14:05 of 3rd period - Penalty to Ilya Lyubushkin is over, Ilya Lyubushkin is back on ice.
14:17 of 3rd period - Slapshot by Owen Power.
14:17 of 3rd period - Stopped by Sergei Bobrovsky with a rebound.
14:41 of 3rd period - Jackson LaCombe is hit by Ryan Poehling and loses puck.
14:54 of 3rd period - Owen Power is hit by Jackson LaCombe and loses puck.
15:37 of 3rd period - Wrist shot by Patrik Laine.
15:37 of 3rd period - Stopped by Sergei Bobrovsky without a rebound.
15:38 of 3rd period - Evgeni Dadonov wins face-off versus Cutter Gauthier in Detroit Red Wings zone.
15:47 of 3rd period - Jamie Drysdale is hit by Owen Power and loses puck.
16:10 of 3rd period - Snap shot by Arttu Hyry.
16:10 of 3rd period - Stopped by Sergei Bobrovsky with a rebound.
16:12 of 3rd period - Slapshot by Drew O'Connor.
16:12 of 3rd period - Stopped by Sergei Bobrovsky with a rebound.
16:28 of 3rd period - Lane Hutson is hit by Ryan Graves and loses puck.
16:35 of 3rd period - Slapshot by Kevin Stenlund.
16:35 of 3rd period - Goal by Kevin Stenlund - Detroit Red Wings : 3 - Montreal Canadiens : 2.
16:36 of 3rd period - Teddy Blueger wins face-off versus Kevin Stenlund in neutral zone.
16:58 of 3rd period - Jackson LaCombe is hit by Teddy Blueger and loses puck.
17:06 of 3rd period - Icing by Tanner Pearson.
17:07 of 3rd period - Cutter Gauthier wins face-off versus Justin Hryckowian in Detroit Red Wings zone.
17:22 of 3rd period - Slapshot by Drew O'Connor.
17:22 of 3rd period - Stopped by Sergei Bobrovsky with a rebound.
17:24 of 3rd period - Slapshot by Josh Manson.
17:24 of 3rd period - Shot Misses the Net.
17:41 of 3rd period - Slapshot by Jamie Drysdale.
17:41 of 3rd period - Shot Misses the Net.
18:22 of 3rd period - Icing by Conor Timmins.
18:23 of 3rd period - Teddy Blueger wins face-off versus Brad Lambert in Detroit Red Wings zone.
18:24 of 3rd period - Montreal Canadiens, Lukas Dostal is pulled from the net.
18:36 of 3rd period - Slapshot by Patrik Laine.
18:36 of 3rd period - Stopped by Sergei Bobrovsky with a rebound.
18:38 of 3rd period - Slapshot by Ilya Lyubushkin.
18:38 of 3rd period - Shot Misses the Net.
18:51 of 3rd period - Off-side.
18:52 of 3rd period - Scott Arniel call a timeout for Montreal Canadiens.
18:52 of 3rd period - Justin Hryckowian wins face-off versus Kevin Stenlund in neutral zone.
19:03 of 3rd period - Snap shot by Justin Hryckowian.
19:03 of 3rd period - Deflect By Arttu Hyry.
19:03 of 3rd period - Stopped by Sergei Bobrovsky without a rebound.
19:04 of 3rd period - Macklin Celebrini wins face-off versus Cole Sillinger in Detroit Red Wings zone.
19:05 of 3rd period - Snap shot by Brad Marchand.
19:05 of 3rd period - Stopped by Sergei Bobrovsky without a rebound.
19:06 of 3rd period - Cole Sillinger wins face-off versus Brad Marchand in Detroit Red Wings zone.
19:19 of 3rd period - Slapshot by Cutter Gauthier.
19:19 of 3rd period - Goal by Cutter Gauthier - Detroit Red Wings : 4 - Montreal Canadiens : 2.
19:19 of 3rd period - Lukas Dostal from Montreal Canadiens was sent back in the game.
19:20 of 3rd period - Kevin Stenlund wins face-off versus Teddy Blueger in neutral zone.
19:45 of 3rd period - Owen Power is hit by Cole Sillinger and loses puck.
19:49 of 3rd period - Icing by Brady Skjei.
19:50 of 3rd period - Justin Hryckowian wins face-off versus Cole Sillinger in Montreal Canadiens zone.
19:50 of 3rd period - Justin Hryckowian is hit by Zachary L'Heureux.
19:59 of 3rd period - Minor Penalty to Zachary L'Heureux for Holding.
Goals for this period are 2 for Detroit Red Wings vs 1 for Montreal Canadiens.
Shots for this period are 3 for Detroit Red Wings vs 11 for Montreal Canadiens.
Goals for this period are 2 for Detroit Red Wings vs 1 for Montreal Canadiens.
Shots for this period are 3 for Detroit Red Wings vs 11 for Montreal Canadiens.